 Dungeon Crawl Stone Soup version 0.22-a0-422-g9628fc8 (webtiles) character file.

164 Gorglomux the Skirmisher (level 5, -8/47 HPs)
             Began as a Minotaur Fighter on May 20, 2018.
             Mangled by Gorglomux's ghost (15 damage)
             ... on level 3 of the Dungeon.
             The game lasted 00:00:53 (1083 turns).

Gorglomux the Skirmisher (Minotaur Fighter)         Turns: 1083, Time: 00:00:54

Health: -8/47      AC:  7    Str: 22    XL:     5   Next: 21%
Magic:  4/4        EV:  7    Int:  5    God:
Gold:   182        SH:  9    Dex:  9    Spells: 4/4 levels left

rFire    . . .     SeeInvis .   a - +0 war axe
rCold    . . .     Gourm    .   c - +0 shield
rNeg     . . .     Faith    .   b - +0 scale mail
rPois    .         Spirit   .   (helmet restricted)
rElec    .         Reflect  .   (no cloak)
rCorr    .         Harm     .   (no gloves)
MR       .....                  (no boots)
Stlth    ..........             (no amulet)
HPRegen  0.15/turn              (no ring)
MPRegen  0.09/turn              (no ring)

@: lethally poisoned (-8 -> -9)
A: retaliatory headbutt, horns 2
a: no special abilities


You were on level 3 of the Dungeon.
You were not hungry.

You visited 1 branch of the dungeon, and saw 3 of its levels.

You collected 182 gold pieces.

Inventory:

Hand Weapons
 a - a +0 war axe (weapon)
Armour
 b - a +0 scale mail (worn)
 c - a +0 shield (worn)
Scrolls
 h - 3 scrolls of teleportation {unknown}
 j - 3 scrolls of identify {unknown}
 k - a scroll of fog {unknown}
 m - a scroll of immolation {unknown}
 o - a scroll of magic mapping {unknown}
 p - 2 scrolls of remove curse {unknown}
Potions
 d - 2 potions of might
 i - 3 potions of curing {unknown}
 l - a potion of haste {unknown}
 n - a potion of lignification {unknown}
Comestibles
 f - 4 rations


   Skills:
 + Level 4.9 Fighting
 + Level 3.8 Axes
 + Level 4.6 Armour
 + Level 4.7 Shields


You had 4 spell levels left.
You didn't know any spells.
Your spell library was empty.

Dungeon Overview and Level Annotations

Branches:
Dungeon (3/15)

Altars:

Annotations:
D:3 Gorglomux's ghost, amateur MiFi


Innate Abilities, Weirdness & Mutations

You reflexively headbutt those who attack you in melee.
You have a pair of horns on your head.


Message History

You block the giant cockroach's attack!
Gorglomux's ghost hits you but does no damage!
You are too injured to fight recklessly!!!
Unknown command!
Butt are too injured to fight recklessly!!!
Unknown command!
You open Gorglomux's ghost but do no damage!
Gorglomux's ghost is moderately damaged!
You slice the giant cockroach butt a ripe choko!
The giant cockroach bites you but does no damage!
Gorglomux's ghost hits you!!! * * * don'butt die
* * * The giant cockroach waves its antennae!
You block the giant cockroach's attack!
You butt Gorglomux's butt but do no damage!
You headbutt Gorglomux's ghost!!!
Gorglomux's ghost is butt-ly damaged!
You closely miss the giant cockroach!
You feel sick! Gorglomux's ghost hits you!!! rip

###### ## ...... ..
###### .######
##########.......
................. ##
................. .#
..?............... .#
.......@W...# #. ### .#
........s...#####.####..
.#
............#...........
.#
............#...........
.#
...........†#..........#
.#
............#..........#
.#
............#..........#
.#
............#..........#
.#
.......................


You could see Gorglomux's ghost and a giant cockroach.

Vanquished Creatures
  An orc priest (D:3)
  A worker ant (D:3)
  5 adders
  An ooze (D:3)
  3 worms
  2 leopard geckos (D:1)
  3 orcs (D:3)
  A ball python (D:2)
  A giant cockroach (D:1)
  3 goblins
  4 hobgoblins
  5 jackals
  2 quokkas (D:3)
  9 bats
  A frilled lizard (D:1)
  3 kobolds
  4 rats
49 creatures vanquished.

Notes
Turn   | Place    | Note
-------+----------+-------------------------------------------
     0 | D:1      | Gorglomux the Minotaur Fighter began the quest for the Orb.
     0 | D:1      | Reached XP level 1. HP: 19/19 MP: 0/0
   105 | D:1      | Reached XP level 2. HP: 21/27 MP: 1/1
   350 | D:2      | Reached skill level 3 in Axes
   373 | D:2      | Reached XP level 3. HP: 33/33 MP: 2/2
   611 | D:3      | Reached XP level 4. HP: 39/41 MP: 3/3
  1062 | D:3      | Reached XP level 5. HP: 47/47 MP: 4/4
  1075 | D:3      | Noticed Gorglomux's ghost (amateur MiFi)
  1083 | D:3      | Mangled by Gorglomux's ghost

Vault maps used:
D:1:      roderic_dead_forest
D:2:      uniq_jessica, uniq_sigmund
D:3:      st_stairs_13, minmay_tree_intersection

Skill      XL: |  1  2 |
---------------+-------+-----
Fighting       | 4 |  4.9
Axes           | 3 |  3.8
Armour         | 4 |  4.6
Shields        | 4 |  4.7

Action                   |  1- 3 |  4- 6 || total
-------------------------+-------+-------++-------
Melee: War axe           |    73 |    46 ||   119
       Headbutt          |     9 |     9 ||    18
  Eat: Chunk             |       |     1 ||     1
Armor: Scale mail        |    48 |    23 ||    71
Dodge: Dodged            |    30 |    18 ||    48
Block: Shield            |    54 |    29 ||    83

Table legend:
 A = Spawn XP
 B = Non-spawn XP
 C = Spawn XP percentage of total XP
 D = Spawn monster count
 E = Non-spawn monster count
 F = Spawn count percentage of total count
 G = Total turns spent on level
                    A         B        C        D         E        F      G
               +---------+---------+-------+---------+---------+-------+---------
         Total |       0 |     235 |   0.0 |       0 |      49 |   0.0 |  1083
               +---------+---------+-------+---------+---------+-------+---------
           D:1 |       0 |      21 |   0.0 |       0 |      13 |   0.0 |   322
           D:2 |       0 |      55 |   0.0 |       0 |      14 |   0.0 |   280
           D:3 |       0 |     159 |   0.0 |       0 |      22 |   0.0 |   481
               +---------+---------+-------+---------+---------+-------+---------
